← All builds
Beach sea / Armada / Economy first / OBSERVED BUILD

Standard beach sea

Armada Beach sea build order · Supreme Isthmus

Economy-first sea play: shipyard right away, a destroyer by around 5 minutes, then an Advanced Metal Extractor as the eco scales up, with later ships like corvette, frigate and submarine filling out the fleet; this is the role's baseline…

Usually shipyard first (93%)

#naval #eco · 892 distinct matches · 149 players · 72% of Armada Beach sea games · team won 50% of 960 · Recently observed

HOW TO PLAY IT

Key timing: Shipyard by 1:40, first destroyer by 4:52

  1. Open 3 mex into tidal generators for early energy.
  2. Rush Shipyard straight from the opening eco.
  3. Keep adding mex and naval energy converters to fund the fleet.
  4. Get your first destroyer out to contest the sea.
  5. Transition into Advanced Metal Extractor as eco scales.

Phase by phase

TYPICAL OF ITS 892 GAMES · AGAINST STANDARD BEACH SEA
  1. 1
  2. 2
  3. 3
PLAY THE OPENING

Follow the example game's first 6:00 step by step: what to build now, what comes next, and where it goes. At 1× it keeps pace with your own game.

  1. 1

    Up to the Shipyard

    Economy
    • Metal Extractor3Mex
    • Wind Turbine2Windfor allies+2 vs standard
    • Wind Turbine1Wind−4 vs standard
    Order
    1. ShipyardShipyard after 3 mex, 1 winddone ~1:44, middle half 1:27–2:01

    Some games also: tidal (38%) · energy storage (35%)

    By 1:27 in all: 3 mex · 1 wind (standard 5)

    The example game in this phase · 7 steps
    1. Mex ×2
    2. Windfor Air
    3. Mex
    4. Wind ×2for Air
    5. Wind ×2
    6. SentrySentry
    7. ShipyardShipyarddone 1:49 · typical 1:44
  2. 2

    Shipyard to 5:00

    Economy
    • Metal Extractor5Mex
    • Wind Turbine2Wind−3 vs standard
    • Tidal Generator2Tidal+2 vs standard
    Builders
    • Construction Ship2 Con ship +2 vs standard
    Army
    • Dolphin3 Dolphin +3 vs standard
    • Skater2 Skater +2 vs standard
    • Corsair1 Destroyer
    Other
    • Naval Radar / Sonar Tower1 Naval Radar / Sonar Tower

    Some games also: Harpoon (43%) · con turret (35%) · frigate (33%) · submarine (33%) · Sentry (31%)

    The standard build makes here, this one skips: 3 con hovercraft · 7 seeker

    By 5:00 in all: 8 mex · 4 wind (standard 10) · 3 tidal (standard 0)

    The example game in this phase · 26 steps
    1. Tidal
    2. SkaterSkater
    3. Construction ShipCon ship
    4. Tidal ×3
    5. Construction ShipCon ship
    6. Tidal
    7. Mex
    8. Tidal
    9. Mex
    10. DolphinDolphin
    11. Naval Radar / Sonar TowerNaval Radar / Sonar Tower
    12. DolphinDolphin
    13. Con turret
    14. Mex
    15. DolphinDolphin
    16. Mex
    17. Naval Radar / Sonar TowerNaval Radar / Sonar Tower
    18. Tidal
    19. HarpoonHarpoon
    20. DolphinDolphin ×2
    21. Wind
    22. HarpoonHarpoon
    23. DolphinDolphin
    24. Wind
    25. DolphinDolphin
    26. Wind
  3. 3

    5:00 to 10:00

    Economy
    • Metal Extractor2Mex
    • Wind Turbine11Wind
    Builders
    • Naval Construction Turret1 Naval Construction Turret
    • Grim Reaper1 Grim Reaper
    Army
    • Sentry1 Sentry
    • Harpoon1 Harpoon
    • Dolphin3 Dolphin
    • Corsair2 Destroyer
    • Skater2 Skater
    Other
    • Naval Radar / Sonar Tower1 Naval Radar / Sonar Tower

    Some games also: con ship (48%) · frigate (46%) · Radar Tower (41%) · tidal (40%) · con turret (39%)

    By 10:00 in all: 10 mex · 16 wind (standard 23) · 4 tidal (standard 0) · 1 energy storage · 1 con turret · 1 Naval Construction Turret

    The example game in this phase · 41 steps
    1. DolphinDolphin
    2. Wind ×2
    3. Mex
    4. HarpoonHarpoon
    5. Wind
    6. DolphinDolphin
    7. Wind
    8. Mex
    9. EelSubmarinedone 6:00
    10. Wind
    11. SentrySentry
    12. EelSubmarine
    13. Con turret
    14. HarpoonHarpoon
    15. SentrySentry ×2
    16. EllysawFrigate ×2
    17. Radar TowerRadar Tower
    18. Wind ×2
    19. Construction ShipCon ship
    20. Wind
    21. CorsairDestroyerdone 7:47 · typical 4:58
    22. Wind ×2
    23. Converter
    24. Wind ×4
    25. Grim ReaperGrim Reaper
    26. Wind ×3
    27. Converter
    28. EllysawFrigate
    29. Converter
    30. Wind ×2
    31. EllysawFrigate
    32. Wind ×4
    33. CorsairDestroyer
    34. Converter
    35. Wind ×6
    36. Converter ×2
    37. SkaterSkater
    38. Wind
    39. EllysawFrigate
    40. Wind
    41. Advanced Metal ExtractorT2 mexnot finished by 15:00 · typical 10:04

Counts are medians over the build's games: half of them build more, half fewer. The example game is starbird's (33 OS, 24/08/2026); pick another.

Team trades

IN AT LEAST 30% OF ITS GAMES

You hand over

  • Wind Turbine3 Wind to Airfirst at 1:42 · in 79% of games

You get

  • Finch1 Finch from Airfirst at 1:58 · in 78% of games
  • Lazarus1 Lazarus from Geofirst at 2:12 · in 53% of games
  • Hephaestus1 Heavy transport from Airfirst at 2:16 · in 63% of games
  • Hercules1 Light transport from Airfirst at 2:19 · in 39% of games
  • Construction Bot1 Con bot from Geofirst at 2:27 · in 69% of games
  • Advanced Construction Bot1 T2 con bot from Techfirst at 8:11 · in 88% of games

How it plays out

Typical game of this build, running totals by minute

Metal produced

010k20k30k
0:005:0010:0015:00

metal

Enemy metal destroyed

02.5k5k7.5k
0:005:0010:0015:00

metal

Own metal lost

02.5k5k7.5k
0:005:0010:0015:00

metal

960 games.

Show as table
ByMetal produced: This buildEnemy metal destroyed: This buildOwn metal lost: This build
1:0040400
2:0093800
3:00158000
4:0025195151
5:003700239150
6:005096564353
7:0065821099693
8:00814816621148
9:00977024341819
10:001162133352576
11:001369042663346
12:001604050794130
13:001847058614941
14:002124965425913
15:002390174296663
WHAT THE NUMBERS SAY

This baseline wins less than half its games, trading sea kills for losses at a similar rate to the enemy through 15 minutes.

  • + Metal production outpaces enemy destruction early, 3733 vs 255 at 5:00.
  • + Kills and losses track closely by 15:00 (8342 vs 6711), an even fight.
  • − Team wins under half of games (47%).
  • − T2 factory reached in only 34% of games, the lowest tech rate among sea roles.
THE EXAMPLE YOU ARE READING

starbird

33.0 OS · 24/08/2026

Open source match ↗

5 received units · includes a constructor
1397 metal received · 3517 energy received

Allied construction assistance is unknown. Timings are observations, not a promise of solo reproducibility.

Typical milestones

Shipyard1:44Middle 50%: 1:27–2:01 · n=956
Corsair4:58Middle 50%: 4:20–5:55 · n=906
Advanced Metal Extractor10:04Middle 50%: 9:13–10:56 · n=807

Played most by

yeskinkot68games of this buildHummell61games of this buildTheSituation48games of this buildBlover38games of this buildGeeGee37games of this build